 Dungeon Crawl Stone Soup version 0.18-a0-1285-g60d00e1 (webtiles) character file.

581 Duffy the Conjurer (level 7, -18/36 HPs)
             Began as a Deep Elf Conjurer on Feb 8, 2016.
             Demolished by an orc warrior
             ... wielding a +0 glaive
              (28 damage)
             ... on level 6 of the Dungeon.
             The game lasted 00:03:55 (3336 turns).

Duffy the Conjurer (Deep Elf Conjurer)              Turns: 3336, Time: 00:03:55

Health: -18/36     AC:  3    Str:  5    XL:     7   Next: 14%
Magic:  8/18       EV: 13    Int: 21    God:
Gold:   177        SH:  0    Dex: 16    Spells: 4 memorised, 6 levels left

rFire  . . .     SeeInvis .     (no weapon)
rCold  + . .     Gourm    .     a - +0 robe
rNeg   . . .     Faith    .     (no shield)
rPois  .         Spirit   .     (no helmet)
rElec  .         Dismiss  .     f - +0 cloak
rCorr  .         Reflect  .     (no gloves)
SustAt .         Harm     .     (no boots)
MR     +....                    (no amulet)
Stlth  ++........               w - ring of protection from magic
                                r - ring of protection from cold

@: somewhat resistant to hostile enchantments, unstealthy
A: no striking features
a: no special abilities


You were on level 6 of the Dungeon.
You were hungry.

You visited 1 branch of the dungeon, and saw 6 of its levels.

You collected 177 gold pieces.


   Skills:
 - Level 2.4 Dodging
 - Level 2.4 Stealth
 + Level 6.2 Spellcasting
 * Level 7.1 Conjurations
 + Level 5.3 Charms


You had 6 spell levels left.
You knew the following spells:

 Your Spells              Type           Power        Failure   Level  Hunger
a - Magic Dart            Conj           ####         1%          1    None
i - Iskenderun's Battles  Conj/Chrm      ####....     24%         5    #####..
l - Iskenderun's Mystic   Conj           #####...     6%          4    ###....
s - Searing Ray           Conj           #####.       1%          2    None

Inventory:

Armour
 a - a +0 robe (worn)
 f - a +0 cloak (worn)
Jewellery
 r - a ring of protection from cold (left hand)
 w - a ring of protection from magic (right hand)
Wands
 k - a wand of teleportation (4/9)
 o - a wand of confusion (11/48)
 u - a wand of iceblast (11/15)
Scrolls
 i - 4 scrolls of identify {unknown}
 j - 2 scrolls of enchant armour {unknown}
 l - a scroll of remove curse
 n - a scroll of noise {unknown}
 p - 3 scrolls of fog {unknown}
 q - a scroll of magic mapping {unknown}
 s - 2 scrolls of enchant weapon {unknown}
 v - a scroll of teleportation {unknown}
 x - a scroll of blinking {unknown}
 y - a scroll of holy word {unknown}
 C - a scroll of immolation {unknown}
Potions
 d - 3 potions of haste {unknown}
 e - 2 potions of degeneration {unknown}
 h - a potion of invisibility {unknown}
 m - 4 potions of curing {unknown}
 t - a potion of heal wounds {unknown}
 z - a potion of agility {unknown}
 A - a potion of mutation {unknown}
Books
 b - a book of Conjurations
 B - a book of Dreams
Comestibles
 c - 4 bread rations
 g - 2 royal jellies

Dungeon Overview and Level Annotations

Branches:
Dungeon (6/15)
 Temple: D:4-7

Altars:
Dithmenos
Makhleb
Nemelex Xobeh
Okawaru
Pakellas
Trog


Message History

The orc wizard is severely wounded.
Your battlesphere fires!
The barrage of energy hits the orc wizard.
You kill the orc wizard!
Cast which spell? (? or * to list)
Aiming: Magic Dart
Press: ? - help, Shift-Dir - straight line, f - orc warrior
Aim: an orc warrior, wielding a glaive and wearing a plate armour The magic dart hits the orc warrior.
The orc warrior is lightly wounded.
Your battlesphere fires!
The barrage of energy hits the orc warrior.
The orc warrior is heavily wounded.
The orc warrior closely misses you.
Cast which spell? (? or * to list)
Aiming: Magic Dart
Press: ? - help, Shift-Dir - straight line, f/p - orc warrior
Aim: an orc warrior, wielding a glaive and wearing a plate armour (heavily wounded)
The magic dart hits the orc warrior.
The orc warrior is heavily wounded.
Your battlesphere fires!
The barrage of energy hits the orc warrior.
The orc warrior is severely wounded.
Your battlesphere expends the last of its energy and dissipates.
The orc warrior hits you from afar with a glaive!!
Ouch! That really hurt!
Cast which spell? (? or * to list)
Aiming: Magic Dart
Press: ? - help, Shift-Dir - straight line, f/p - orc warrior
Aim: an orc warrior, wielding a glaive and wearing a plate armour (severely wounded)
The magic dart hits the orc warrior.
The orc warrior is severely wounded.
The orc warrior hits you from afar with a glaive!!
Ouch! That really hurt!
You die...

##### #######.##.
######### #.......##.
.......@######.#####.##.
###.0..............#.##.
#####o######.###.#....
#o# #.......... .o.
######..... ....
........ #.%.. ###.....
#..... ........ ..%#
#.#.....


You could see an orc warrior and 2 orcs.

Action                   |  1- 3 |  4- 6 |  7- 9 || total
-------------------------+-------+-------+-------++-------
 Cast: Magic Dart        |    32 |   103 |    15 ||   150
       Searing Ray       |     3 |     5 |       ||     8
       Iskenderun's Batt |       |     3 |     1 ||     4
  Use: Scroll            |     1 |       |       ||     1
  Eat: Chunk             |     1 |     5 |       ||     6
       Fruit             |       |     2 |       ||     2

Notes
Turn   | Place    | Note
--------------------------------------------------------------
     0 | D:1      | Duffy the Deep Elf Conjurer began the quest for the Orb.
     0 | D:1      | Reached XP level 1. HP: 10/10 MP: 6/6
   295 | D:1      | Reached XP level 2. HP: 15/15 MP: 5/8
  1018 | D:2      | Noticed Terence
  1022 | D:2      | Reached skill level 5 in Conjurations
  1028 | D:2      | Learned a level 2 spell: Searing Ray
  1076 | D:2      | Killed Terence
  1076 | D:2      | Reached skill level 4 in Spellcasting
  1076 | D:2      | Reached XP level 3. HP: 12/19 MP: 0/10
  1257 | D:2      | Reached XP level 4. HP: 24/24 MP: 3/12
  1432 | D:2      | Learned a level 4 spell: Iskenderun's Mystic Blast
  1505 | D:3      | Found a sparkling altar of Nemelex Xobeh.
  1505 | D:3      | Found a burning altar of Makhleb.
  1507 | D:3      | Found a bloodstained altar of Trog.
  1893 | D:3      | Reached skill level 6 in Conjurations
  1919 | D:4      | Reached skill level 5 in Spellcasting
  1919 | D:4      | Reached XP level 5. HP: 28/28 MP: 6/14
  1928 | D:4      | Learned a level 5 spell: Iskenderun's Battlesphere
  1996 | D:4      | Reached skill level 1 in Charms
  2106 | D:4      | Found a shadowy altar of Dithmenos.
  2157 | D:4      | Noticed a phantom
  2163 | D:5      | Entered Level 5 of the Dungeon
  2192 | D:5      | Noticed a phantom
  2221 | D:5      | Killed a phantom
  2221 | D:5      | Reached skill level 3 in Charms
  2221 | D:5      | Reached XP level 6. HP: 29/32 MP: 0/16
  2338 | D:5      | Noticed Eustachio
  2347 | D:5      | Killed Eustachio
  2347 | D:5      | Reached skill level 4 in Charms
  2435 | D:5      | Found an iron altar of Okawaru.
  2525 | D:5      | Reached skill level 6 in Spellcasting
  2708 | D:5      | Reached skill level 5 in Charms
  2881 | D:6      | Found an oddly glowing altar of Pakellas.
  3156 | D:6      | Reached skill level 7 in Conjurations
  3156 | D:6      | Reached XP level 7. HP: 36/36 MP: 13/18
  3336 | D:6      | Demolished by an orc warrior

Vault maps used:
D:1:      dpeg_arrival_windows_large_door
D:2:      lemuel_round_altar, uniq_crazy_yiuf_cottage, uniq_natasha,
          uniq_terence
D:3:      minitemple, first_bread
D:4:      nicolae_dithmenos_the_darkroom, overflow_temple_1_default,
          old_standard_altar, hangedman_ru_absence
D:5:      okawaru_trees_1, uniq_eustachio
D:6:      grunt_pakellas_salt, kennysheep_generic_room_8

Vanquished Creatures
  Eustachio
  A phantom
  A crimson imp
  A jelly
  3 orc wizards
  An orc priest Terence
  A worker ant
  2 adders
  4 gnolls
  A shadow imp
  An ooze
  An adder skeleton
  A worm
  A giant gecko
  9 orcs
  7 goblins
  3 hobgoblins
  4 kobolds
  A ball python
  8 bats
  A giant gecko zombie
  4 giant newts
  5 rats
63 creatures vanquished.
